 Dungeon Crawl Stone Soup version 0.27-a0-668-gb5737ff2c0 (webtiles) character file.

Game seed: 8716878535184928539

116 rageheart7 the Magician (level 4, -2/32 HPs)
             Began as a Demonspawn Wanderer on Mar 18, 2021.
             Was an Initiate of Vehumet.
             Slain by a goblin
             ... wielding a +0 club
             ... led by Robin
              (4 damage)
             ... on level 2 of the Dungeon.
             The game lasted 00:03:56 (1957 turns).

rageheart7 the Magician (Demonspawn Wanderer)       Turns: 1957, Time: 00:03:56

Health: -2/32      AC:  2    Str: 12    XL:     4   Next: 69%
Magic:  0/10       EV: 11    Int: 15    God:    Vehumet [......]
Gold:   31         SH:  0    Dex: 12    Spells: 10/11 levels left

rFire    . . .     SeeInvis .   a - +0 club
rCold    . . .     Faith    .   (no shield)
rNeg     . . .     Spirit   .   d - +0 robe
rPois    .         Reflect  .   (no helmet)
rElec    .         Harm     .   (no cloak)
rCorr    .         Rampage  .   (no gloves)
Will     .....                  (no boots)
Stlth    ++........             (no amulet)
HPRegen  0.10/turn              (no ring)
MPRegen  0.12/turn              (no ring)

@: no status effects
A: talons 1, foul stench 1
a: Renounce Religion


You were on level 2 of the Dungeon.
You worshipped Vehumet.
Vehumet was noncommittal.
You visited 1 branch of the dungeon, and saw 2 of its levels.

You collected 31 gold pieces.

Inventory:

Hand Weapons
 a - a +0 club (weapon)
Armour
 d - a +0 robe (worn)
Potions
 c - 2 potions of curing


   Skills:
 * Level 1.6 Fighting
 - Level 1.0 Throwing
 - Level 1.0 Stealth
 * Level 4.4 Spellcasting
 - Level 1.0 Summonings
 - Level 3.6 Transmutations
 * Level 1.8 Poison Magic


You had 10 spell levels left.
You knew the following spells:

 Your Spells              Type           Power      Damage    Failure   Level
a - Sting                 Tmut/Pois      44%        1d5       6%          1

Your spell library contained the following spells:

 Spells                   Type           Power      Damage    Failure   Level
 Magic Dart               Conj           12%        1d3       17%         1
 Call Imp                 Summ           6%         N/A       17%         2
 Ignite Poison            Fire/Tmut/Pois 8%         N/A       24%         3
 Blink                    Tloc           N/A        N/A       26%         2
 Corpse Rot               Necr/Air       N/A        N/A       26%         2
 Slow                     Hex            3%         N/A       26%         2
 Sublimation of Blood     Necr           1%         N/A       26%         2
 Mephitic Cloud           Conj/Pois/Air  5%         N/A       38%         3
 Conjure Flame            Conj/Fire      3%         6-21      45%         3


Dungeon Overview and Level Annotations

Branches:
Dungeon (2/15)

Altars:
Vehumet

Annotations:
D:2 Robin


Innate Abilities, Weirdness & Mutations

You have sharp toenails.
You may rarely emit foul miasma when damaged in melee.


Message History

Press: ? - help, Shift-Dir - straight line, f/p - bat
Aim: a bat (43% to evade)
The sting hits the bat.
The bat is poisoned.
The bat is heavily wounded.
The goblin no longer looks unusually strong.
You kill the hobgoblin!
Vehumet accepts your kill. The bat hits you but does no damage.
Robin throws the goblin at you! The goblin hits you.
* * * LOW HITPOINT WARNING * * *
Unknown command.
You aren't carrying any scrolls.
Unknown command.
Casting: Sting (safe; 6% risk of failure)
Confirm with . or Enter, or press ? or * to list all spells.
Aiming: Sting (safe; 6% risk of failure)
Press: ? - help, Shift-Dir - straight line, f - goblin, p - bat
Aim: a goblin (strong, 36% to evade)
The sting hits the goblin.
The goblin is poisoned.
The goblin is severely wounded.
You kill the goblin!
Vehumet accepts your kill. The goblin barely misses you.
The goblin closely misses you.
Casting: Sting (safe; 6% risk of failure)
Confirm with . or Enter, or press ? or * to list all spells.
Aiming: Sting (safe; 6% risk of failure)
Press: ? - help, Shift-Dir - straight line, f/p - goblin
Aim: a goblin (severely wounded, strong, poisoned, 36% to evade)
The sting hits the goblin.
The goblin looks even sicker.
You kill the goblin!
Vehumet accepts your kill.
You kill the bat!
Vehumet accepts your kill. The goblin barely misses you.
Robin roars a battlecry!
The goblins go into a battle-frenzy!
You hear a shout!
There is a stone staircase leading down here.
The goblin hits you with a +0 club.
You die...

#)# ##...## #..).#
#†# ##...## ##.##.#
#.# #....###..##.#
#g## ##.......###..
#..## #..####..###.
##.g# #....###.###.
##g# #.##..##.....
#g# #.###.###..##
#@# #.# #..#...##
#........# ##...#..#
##.#...######..###..
#. #..# #......####
#. ..# #.####...##
.. ..... ###..# .#
... #######.. ..
.... .........
########.


You could see Robin, 2 hobgoblins and a goblin (strong).

Vanquished Creatures
  A bullfrog (D:2)
  2 adders (D:2)
  3 leopard geckos
  A ball python (D:2)
  A giant cockroach (D:2)
  6 goblins
  6 hobgoblins
  5 kobolds
  3 bats
  A frilled lizard (D:1)
  A rat (D:1)
30 creatures vanquished.

Vanquished Creatures (others)
  A plant (D:1)
1 creature vanquished.

Grand Total: 31 creatures vanquished

Notes
Turn   | Place    | Note
-------+----------+-------------------------------------------
     0 | D:1      | rageheart7 the Demonspawn Wanderer began the quest for the
                  | Orb.
     0 | D:1      | rageheart7 set off with the following items: a +0 club, a
                  | +0 robe; and the following spells available to memorise:
                  | Sting, Magic Dart, Call Imp, Blink, Corpse Rot, Slow,
                  | Sublimation of Blood, Ignite Poison, Conjure Flame,
                  | Mephitic Cloud
     0 | D:1      | Reached XP level 1. HP: 13/13 MP: 4/4
     2 | D:1      | Learned a level 1 spell: Sting
   810 | D:1      | Gained mutation: You may rarely emit foul miasma when
                  | damaged in melee. [demonic ancestry]
   810 | D:1      | Reached XP level 2. HP: 11/20 MP: 1/6
  1251 | D:2      | Reached skill level 1 in Fighting
  1251 | D:2      | Reached skill level 1 in Poison Magic
  1395 | D:2      | Noticed a bullfrog
  1404 | D:2      | Killed a bullfrog
  1405 | D:2      | Reached skill level 4 in Spellcasting
  1405 | D:2      | Reached XP level 3. HP: 20/26 MP: 1/8
  1405 | D:2      | Gained mutation: You have sharp toenails. [demonic
                  | ancestry]
  1405 | D:2      | Reached XP level 4. HP: 25/32 MP: 1/10
  1825 | D:2      | Found a radiant altar of Vehumet.
  1863 | D:2      | Became a worshipper of Vehumet
  1931 | D:2      | Noticed Robin
  1957 | D:2      | Slain by a goblin

Illustrated notes

Levels and vault maps discovered:
D:1:      co_arrival_two_rings, layout_basic, serial_forest,
          infiniplex_forest_clump_tiny, infiniplex_forest_lined_room_2,
          infiniplex_forest_clump_small, infiniplex_forest_lined_room_2,
          infiniplex_forest_lined_2, infiniplex_forest_lined_2
D:2:      layout_rooms, lemuel_crystal_altar, grunt_temple_overflow_cloverleaf,
          uniq_robin

Skill      XL: |  1  2 |
---------------+-------+-----
Fighting       | 1 |  1.6
Poison Magic   | 1 |  1.8
Spellcasting   | 4 |  4.4
Throwing       | |  1.0
Stealth        | |  1.0
Summonings     | |  1.0
Transmutations | |  3.6

Action                   |  1- 3 |  4- 6 || total
-------------------------+-------+-------++-------
Melee: Club              |    20 |    13 ||    33
       Kick              |       |     5 ||     5
 Cast: Sting             |    20 |    15 ||    35
  Use: Scroll            |     3 |       ||     3
 Stab: Sleeping          |       |     1 ||     1
Armor: Robe              |     4 |     6 ||    10
Dodge: Dodged            |    21 |    10 ||    31

Table legend: (Time is in decaauts)
 A = Elapsed time spent in this place.
 B = Non-inter-level travel time spent in this place.
 C = Inter-level travel time spent in this place.
 D = Time resting spent in this place.
 E = Time spent auto-exploring this place.
 F = Levels seen in this place.
 G = Mean time per level.
                   A        B        C        D        E       F      G
               +--------+--------+--------+--------+--------+-----+--------+
         Total |   1967 |   1962 |      5 |    891 |    859 |   2 |  983.5 |
       Dungeon |   1967 |   1962 |      5 |    891 |    859 |   2 |  983.5 |
               +--------+--------+--------+--------+--------+-----+--------+

Top non-repeatable levels by time:
     D:1: 1371 daAuts
     D:2: 596 daAuts
